 Dungeon Sprint DCSS version 0.30-a0-918-g0ff054e9dc (webtiles) character file.

Game seed: 7370989747725788337

8600000 BigDaddyOpFi the Intangible (level 27, -31/228 HPs)
             Began as a Djinni Warper on Mar 20, 2023.
             Was the Champion of Makhleb.
             Annihilated by a meat berserker
             ... wielding a +9 battleaxe
              (52 damage)
             ... in the Dungeon (Sprint VIII: "Arena of Blood").
             The game lasted 00:01:48 (86 turns).

BigDaddyOpFi the Intangible (Djinni Warper)           Turns: 86, Time: 00:01:48

Health: -31/228    AC:  6    Str: 10    XL:     27
Gold:   0          EV: 35    Int: 18    God:    Makhleb [******] SH:  0 Dex: 24

rFire   + + .      SeeInvis +    h - +∞ Axe of Woe
rCold   x . .      Faith    .    (shield currently unavailable)
rNeg    . . .      Spirit   .    a - +0 leather armour
rPois   ∞          Reflect  .    (no helmet)
rElec   .          Rampage  .    (no cloak)
rCorr   .          NoTele   +    (no gloves)
Will    ++...                    (boots unavailable)
Stlth   ++++++++++               (no amulet)
HPRegen 0.58/turn                k - ring of see invisible
MPRegen 0.00/turn                (no ring)

@: flying, slowed, very slow
A: sickness immunity, fire resistance 2, cold vulnerability 1, float, innate
caster, HP casting, extra vitality 1
a: Renounce Religion, Minor Destruction, Lesser Servant of Makhleb, Major
Destruction, Greater Servant of Makhleb


You were in the Dungeon.
You worshipped Makhleb.
Makhleb was exalted by your worship.
You visited 1 branch

Inventory:

Hand Weapons
 h - the +∞ Axe of Woe (weapon)
   (You found it in the Dungeon)
Missiles
 c - 7 boomerangs of dispersal (quivered)
Armour
 a - a +0 leather armour (worn)
Jewellery
 i - a +30 ring of slaying
 j - a +30 ring of slaying
 k - a ring of see invisible (left hand)
Scrolls
 b - a scroll of blinking
Potions
 d - a potion of curing
 e - a potion of heal wounds
 f - a potion of haste
 g - a potion of berserk rage


   Skills:
 O Level 27 Fighting
 O Level 27 Short Blades
 O Level 27 Long Blades
 O Level 27 Axes
 O Level 27 Maces & Flails
 O Level 27 Polearms
 O Level 27 Staves
 O Level 27 Ranged Weapons
 O Level 27 Throwing
 O Level 27 Armour
 O Level 27 Dodging
 O Level 27 Stealth
 O Level 27 Shields
 O Level 27 Unarmed Combat
 O Level 27 Spellcasting
 O Level 27 Invocations
 O Level 27 Evocations


You knew the following spells:

 Your Spells              Type           Power      Damage    Failure   Level
a - Blink                 Tloc           100%       N/A       0%          2
b - Lesser Beckoning      Tloc           100%       N/A       0%          2
c - Vhi's Electric Charg  Tloc/Air       100%       N/A       0%          3
d - Teleport Other        Tloc           88%        N/A       0%          3
e - Manifold Assault      Tloc           88%        N/A       0%          4
f - Foxfire               Conj/Fire      100%       2x1d9     0%          1
g - Ensorcelled Hibernat  Hex/Ice        100%       N/A       0%          2
h - Frozen Ramparts       Ice            100%       1d16      0%          3
i - Leda's Liquefaction   Hex/Erth       44%        N/A       0%          4
j - Animate Dead          Necr           88%        N/A       0%          4
k - Blade Hands           Tmut           44%        N/A       0%          5
l - Statue Form           Tmut/Erth      58%        N/A       0%          6
m - Starburst             Conj/Fire      44%        6d12      0%          6
n - Death Channel         Necr           44%        N/A       0%          6
o - Ozocubu's Refrigerat  Ice            44%        4d17      1%          7
p - Necromutation         Tmut/Necr      44%        N/A       1%          8
q - Borgnjor's Revivific  Necr           44%        N/A       1%          8
r - Shatter               Erth           44%        3d34*     2%          9
Your spell library was empty.

Dungeon Overview and Level Annotations

Branches:
Dungeon (1/1)

Altars:
Makhleb


Innate Abilities, Weirdness & Mutations

You are immune to sickness and miasma.
You are immune to poison.
Your flesh is very heat resistant. (rF++)
You are vulnerable to cold. (rC-)
You float through the air rather than walking.
You learn spells naturally, not from books.
Your magical power is your life essence.
You have superior vitality. (+4 MHP)


Message History

The eight-headed meat hydra calls on the powers of darkness!
The eight-headed meat hydra convulses!
Your body is wracked with pain!
* * * LOW HITPOINT WARNING * * *
The meat berserker convulses!
Unknown command.
Casting: Vhi's Electric Charge (safe; 0% risk of failure)
Confirm with . or Enter, or press ? or * to list all spells.
Charge where?
Press: ? - help, Dir - move target, f - tyrant
Aim: a tyrant (100% to hit)
You charge forward with an electric crackle!
An eight-headed meat hydra comes into view.
The eight-headed meat hydra roars!
You slice the tyrant and electrocute it!!
You chop the tyrant into pieces.
You destroy the tyrant!
Makhleb accepts your kill.
You feel better.
The tentacled monstrosity disappears in a puff of smoke! x2
* * * LOW HITPOINT WARNING * * *
You hear an angry hiss.
You hear a shout!
The meat berserker is engulfed in blazing flames.
You hear a shout! x5
An observer comes into view.
You hear a shout!
A meat beast comes into view.
You hear a shout!
The meat berserker is engulfed in blazing flames.
The sculptor of flesh is engulfed in blazing flames.
You hear a shout! x3
A wretched soul comes into view.
The accursed points at you and mumbles some strange words.
Something smites you!
* * * LOW HITPOINT WARNING * * *
You hear a shout! x2
The bag of meat is engulfed in blazing flames.
You hear a shout! x2
The meat berserker is engulfed in blazing flames.
The meat berserker hits you with a +9 battleaxe!!!
You die...

#..)))# ...
#_.<._#........ ........
#..)))#......#.#.#......
..._....................
..###.......o.#.#.#.G#..
.......###....o.....#...
..)....#....§§o.M....#
....)..#....☼§zWo...#...
))..........§☼§O@.§.....
.☼o........#)○○#......##
)○...o....#.)..#.....##.
.○L.....##...).#...§2#..
..)))..#.....)#....##W..
.......#...###.)..#.D...
#...........))D.#.......
.....2)................#
.#..M..####.°)......##


You could see an accursed, a meat beast (fast), an observer (wandering, fast,
invisible), a sculptor of flesh, a meat berserker (berserk), 2 wretched souls
and 4 bags of meat.

Vanquished Creatures
  10 hell beasts (D)
  4 royal mummies (D)
  A wraith (D)
  Harold (D)
  10 vampire knights (D)
  24 ogres (D)
  6 two-headed ogres (D)
  4 liches (D)
  57 orcs (D)
  5 skeletal warriors (D)
122 creatures vanquished.

Notes
Turn   | Place    | Note
-------+----------+-------------------------------------------
     0 | D        | Found the +∞ Axe of Woe
     0 | D        | BigDaddyOpFi the Djinni Warper began the quest for the Orb.
     0 | D        | BigDaddyOpFi set off with the following spells memorised:
                  | Blink, Lesser Beckoning, Vhi's Electric Charge, Teleport
                  | Other, Manifold Assault.
     0 | D        | Reached XP level 1. HP: 18/18 MP: 0/0
     2 | D        | Noticed a bag of meat
     3 | D        | Noticed a bag of meat
     4 | D        | Became a worshipper of Makhleb the Destroyer
     4 | D        | Noticed a bag of meat
     4 | D        | Noticed a bag of meat
     5 | D        | Noticed a bag of meat
     5 | D        | Noticed a bag of meat
     5 | D        | Noticed a bag of meat
     5 | D        | Noticed a bag of meat
     7 | D        | Killed a bag of meat
     7 | D        | Noticed a meat berserker
     7 | D        | Noticed a bag of meat
     7 | D        | Noticed a meat berserker
     7 | D        | Noticed a meat berserker
     8 | D        | Reached skill level 10 in Dodging
     8 | D        | Reached XP level 2. HP: 34/34 MP: 0/0
     8 | D        | Reached XP level 3. HP: 39/39 MP: 0/0
     8 | D        | Learned a level 1 spell: Foxfire
     8 | D        | Reached XP level 4. HP: 45/45 MP: 0/0
     8 | D        | Reached XP level 5. HP: 50/50 MP: 0/0
     8 | D        | Learned a level 2 spell: Ensorcelled Hibernation
     8 | D        | Reached XP level 6. HP: 56/56 MP: 0/0
     8 | D        | Reached XP level 7. HP: 61/61 MP: 0/0
     8 | D        | Learned a level 3 spell: Frozen Ramparts
     8 | D        | Reached XP level 8. HP: 67/67 MP: 0/0
     8 | D        | Reached XP level 9. HP: 72/72 MP: 0/0
     8 | D        | Learned a level 4 spell: Leda's Liquefaction
     8 | D        | Reached XP level 10. HP: 78/78 MP: 0/0
     8 | D        | Reached XP level 11. HP: 84/84 MP: 0/0
     8 | D        | Learned a level 4 spell: Animate Dead
     8 | D        | Killed a bag of meat
     8 | D        | Reached * piety under Makhleb
     8 | D        | Killed a bag of meat
     8 | D        | Noticed a bag of meat
     9 | D        | Reached skill level 10 in Stealth
     9 | D        | Reached XP level 12. HP: 34/94 MP: 0/0
     9 | D        | Reached XP level 13. HP: 36/99 MP: 0/0
     9 | D        | Learned a level 5 spell: Blade Hands
     9 | D        | Noticed a bag of meat
     9 | D        | Killed a bag of meat
     9 | D        | Killed a bag of meat
     9 | D        | Reached ** piety under Makhleb
     9 | D        | Killed a meat berserker
     9 | D        | Killed a bag of meat
    10 | D        | Reached skill level 15 in Dodging
    10 | D        | Reached XP level 14. HP: 69/112 MP: 0/0
    10 | D        | Reached XP level 15. HP: 72/117 MP: 0/0
    10 | D        | Learned a level 6 spell: Statue Form
    10 | D        | Reached *** piety under Makhleb
    10 | D        | Killed a meat berserker
    11 | D        | Reached skill level 15 in Fighting
    11 | D        | Reached skill level 15 in Armour
    11 | D        | Reached skill level 15 in Unarmed Combat
    11 | D        | Reached skill level 15 in Invocations
    11 | D        | Reached XP level 16. HP: 83/128 MP: 0/0
    11 | D        | Killed a meat berserker
    11 | D        | Reached **** piety under Makhleb
    12 | D        | Reached skill level 15 in Stealth
    13 | D        | Reached XP level 17. HP: 120/136 MP: 0/0
    13 | D        | Learned a level 6 spell: Starburst
    16 | D        | Noticed a meat berserker
    17 | D        | Noticed a meat berserker
    17 | D        | Noticed a destroyer
    17 | D        | Noticed a meat berserker
    19 | D        | Killed a meat berserker
    19 | D        | Noticed a meat berserker
    19 | D        | Noticed a meat berserker
    20 | D        | Reached skill level 15 in Axes
    20 | D        | Reached skill level 15 in Throwing
    20 | D        | Noticed a large bag of meat
    20 | D        | Noticed a large bag of meat
    20 | D        | Reached ***** piety under Makhleb
    20 | D        | Noticed a destroyer
    21 | D        | Reached skill level 15 in Spellcasting
    21 | D        | Reached XP level 18. HP: 87/148 MP: 0/0
    21 | D        | Noticed a destroyer
    21 | D        | Noticed a meat berserker
    22 | D        | Killed a meat berserker
    22 | D        | Killed a meat berserker
    22 | D        | Reached ****** piety under Makhleb
    22 | D        | Killed a destroyer
    23 | D        | Reached XP level 19. HP: 160/160 MP: 0/0
    23 | D        | Learned a level 6 spell: Death Channel
    23 | D        | Killed a meat berserker
    23 | D        | Killed a meat berserker
    23 | D        | Noticed a meat berserker
    24 | D        | Reached XP level 20. HP: 171/171 MP: 0/0
    24 | D        | Killed a meat berserker
    24 | D        | Killed a destroyer
    25 | D        | Reached XP level 21. HP: 180/180 MP: 0/0
    25 | D        | Learned a level 7 spell: Ozocubu's Refrigeration
    25 | D        | Killed a destroyer
    25 | D        | Killed a large bag of meat
    26 | D        | Reached skill level 27 in Dodging
    26 | D        | Noticed a destroyer
    26 | D        | Killed a large bag of meat
    27 | D        | Reached XP level 22. HP: 179/192 MP: 0/0
    27 | D        | Noticed a destroyer
    28 | D        | Noticed a large bag of meat
    29 | D        | Reached skill level 27 in Fighting
    29 | D        | Reached skill level 27 in Armour
    29 | D        | Reached skill level 27 in Unarmed Combat
    29 | D        | Reached skill level 27 in Invocations
    29 | D        | Killed a destroyer
    30 | D        | Noticed a meat berserker
    35 | D        | Noticed a destroyer
    35 | D        | Noticed a meat berserker
    37 | D        | Reached XP level 23. HP: 201/201 MP: 0/0
    37 | D        | Learned a level 8 spell: Necromutation
    39 | D        | Reached skill level 27 in Stealth
    41 | D        | Reached skill level 27 in Axes
    41 | D        | Reached skill level 27 in Throwing
    42 | D        | Reached skill level 27 in Spellcasting
    42 | D        | Killed a destroyer
    43 | D        | Reached XP level 24. HP: 208/208 MP: 0/0
    44 | D        | Noticed a tyrant
    45 | D        | Noticed a large bag of meat
    45 | D        | Noticed a destroyer
    46 | D        | Noticed a destroyer
    47 | D        | Noticed a destroyer
    47 | D        | Noticed a large bag of meat
    47 | D        | Noticed a destroyer
    47 | D        | Noticed a tyrant
    48 | D        | Reached skill level 15 in Maces & Flails
    48 | D        | Reached skill level 15 in Polearms
    50 | D        | Killed a destroyer
    51 | D        | Killed a large bag of meat
    51 | D        | Killed a destroyer
    52 | D        | Reached XP level 25. HP: 202/214 MP: 0/0
    52 | D        | Learned a level 8 spell: Borgnjor's Revivification
    52 | D        | Killed a destroyer
    52 | D        | Killed a destroyer
    53 | D        | Reached skill level 27 in Maces & Flails
    53 | D        | Reached skill level 27 in Polearms
    55 | D        | Reached XP level 26. HP: 195/221 MP: 0/0
    55 | D        | Killed a large bag of meat
    56 | D        | Reached skill level 27 in Staves
    57 | D        | Noticed a tyrant
    57 | D        | Noticed an accursed
    58 | D        | Reached skill level 10 in Shields
    58 | D        | Reached skill level 10 in Evocations
    59 | D        | Reached skill level 10 in Ranged Weapons
    60 | D        | Noticed a meat beast
    62 | D        | Noticed an accursed
    62 | D        | Noticed a meat beast
    62 | D        | Killed a destroyer
    62 | D        | Noticed a meat beast
    62 | D        | Noticed an accursed
    63 | D        | Reached skill level 15 in Short Blades
    63 | D        | Reached skill level 15 in Long Blades
    63 | D        | Reached XP level 27. HP: 66/228 MP: 0/0
    63 | D        | Learned a level 9 spell: Shatter
    63 | D        | Killed a tyrant
    63 | D        | Killed a tyrant
    64 | D        | Reached skill level 15 in Ranged Weapons
    65 | D        | Killed a meat beast
    66 | D        | Noticed a meat beast
    66 | D        | Killed a meat beast
    66 | D        | Noticed a meat beast
    67 | D        | Killed a meat beast
    68 | D        | Reached skill level 27 in Short Blades
    68 | D        | Reached skill level 27 in Long Blades
    68 | D        | Reached skill level 27 in Shields
    68 | D        | Reached skill level 27 in Evocations
    68 | D        | Noticed a meat beast
    69 | D        | Reached skill level 27 in Ranged Weapons
    69 | D        | Noticed a meat beast
    69 | D        | Killed a meat beast
    70 | D        | Noticed a meat beast
    71 | D        | Killed a meat beast
    72 | D        | Killed a meat beast
    72 | D        | Killed a meat beast
    74 | D        | Killed an accursed
    75 | D        | Killed a meat beast
    76 | D        | Noticed a large bag of meat
    76 | D        | Noticed The Servant
    76 | D        | Noticed a tyrant
    76 | D        | Noticed an accursed
    76 | D        | Noticed an accursed
    77 | D        | Killed an accursed
    78 | D        | Noticed a meat beast
    78 | D        | Noticed a dread
    79 | D        | Killed The Servant
    79 | D        | Killed a meat beast
    80 | D        | Killed a tyrant
    80 | D        | Killed a large bag of meat
    81 | D        | Noticed a meat beast
    81 | D        | Killed a large bag of meat
    81 | D        | Killed an accursed
    81 | D        | Noticed a tyrant
    82 | D        | Killed an accursed
    83 | D        | Killed a dread
    84 | D        | Killed a meat beast
    84 | D        | HP: 1/203 [wretched soul/bolt of negative energy (79)]
    86 | D        | Killed a tyrant
    86 | D        | Noticed a meat beast
    86 | D        | Annihilated by a meat berserker

Illustrated notes

Levels and vault maps discovered:
D:        meatsprint

Skill      XL: |  1  2  3  4  5  6  7  8  9 10 11 12 13 14 15 16 17 18 19 20 21 22 23 24 25 26 27 |
---------------+----------------------------------------------------------------------------------+-----
Fighting       | 9 11 14 15 17 19 21 23 24 26 27 | 27.0
Axes           | 7 9 12 13 14 16 18 20 21 22 24 27 | 27.0
Throwing       | 7 9 12 13 14 16 18 20 21 22 24 27 | 27.0
Armour         | 9 11 14 15 17 19 21 23 24 26 27 | 27.0
Dodging        | 10 12 15 17 18 20 23 25 26 27 | 27.0
Stealth        | 8 10 13 14 15 17 20 21 22 24 26 27 | 27.0
Unarmed Combat | 9 11 14 15 17 19 21 23 24 26 27 | 27.0
Spellcasting   | 7 9 11 12 13 15 17 18 19 21 22 27 | 27.0
Invocations    | 8 11 14 15 17 19 21 23 24 26 27 | 27.0
Maces & Flails | 12 24 27 | 27.0
Polearms       | 12 24 27 | 27.0
Staves         | 23 27 | 27.0
Short Blades   | 15 27 | 27.0
Long Blades    | 15 27 | 27.0
Ranged Weapons | 13 27 | 27.0
Shields        | 16 27 | 27.0
Evocations     | 16 27 | 27.0

Action                     |  1- 3 |  4- 6 |  7- 9 | 10-12 | 13-15 | 16-18 | 19-21 | 22-24 | 25-27 || total
---------------------------+-------+-------+-------+-------+-------+-------+-------+-------+-------++-------
  Melee: Executioner's axe |     1 |       |       |     1 |     2 |     7 |     4 |    14 |    34 ||    63
   Cast: Vhi's Electric Ch |       |       |       |       |       |     2 |       |     5 |     6 ||    13
    Use: Scroll            |       |       |       |       |       |       |       |     1 |       ||     1
  Dodge: Dodged            |       |       |       |     1 |       |       |       |       |     5 ||     6

Table legend: (Time is in decaauts)
 A = Elapsed time spent in this place.
 B = Non-inter-level travel time spent in this place.
 C = Inter-level travel time spent in this place.
 D = Time resting spent in this place.
 E = Time spent auto-exploring this place.
 F = Levels seen in this place.
 G = Mean time per level.
                   A        B        C        D        E       F      G
               +--------+--------+--------+--------+--------+-----+--------+
         Total |     80 |     80 |      0 |      0 |      0 |   1 |   80.0 |
       Dungeon |     80 |     80 |      0 |      0 |      0 |   1 |   80.0 |
               +--------+--------+--------+--------+--------+-----+--------+

Top non-repeatable levels by time:
       D: 80 daAuts
